 Dungeon Crawl Stone Soup version 0.30-a0-738-g116ff8c4af (webtiles) character file.

Game seed: 6363065471145723970

1524 retardedninja the Shield-Bearer (level 8, 0/52 HPs)
             Began as a Gargoyle Fighter on Feb 3, 2023.
             Was an Initiate of Gozag.
             Slain by Maggie
             ... wielding a +0 glaive
              (7 damage)
             ... on level 6 of the Dungeon.
             The game lasted 00:09:57 (6931 turns).

retardedninja the Shield-Bearer (Gargoyle Fighter)  Turns: 6931, Time: 00:09:57

Health: 0/52       AC: 16    Str: 22    XL:     8   Next: 84%
Magic:  8/8        EV:  8    Int:  9    God:    Gozag
Gold:   283        SH: 10    Dex: 15    Spells: 7/7 levels left

rFire   . . .      SeeInvis .    a - +0 flail
rCold   + . .      Faith    .    r - +0 kite shield
rNeg    + . .      Spirit   .    b - +0 scale mail
rPois   ∞          Reflect  .    (no helmet)
rElec   +          Harm     .    n - +0 cloak
rCorr   .          Rampage  .    (no gloves)
Will    .....                    f - +0 pair of boots Stlth
                                 (no amulet)
HPRegen 0.28/turn                d - +6 ring of dexterity
MPRegen 0.11/turn                j - ring of protection from cold

@: mighty, mesmerised
A: sickness immunity, AC +5, negative energy resistance 1, electricity
resistance, torment resistance 1, petrification resistance
a: Renounce Religion, Potion Petition, Call Merchant, Bribe Branch


You were on level 6 of the Dungeon.
You worshipped Gozag.
Gozag was aware of your devotion.
You visited 2 branches of the dungeon, and saw 7 of its levels.
You also visited: Sewer and Ossuary.

You collected 397 gold pieces.
You paid 114 gold pieces to Gozag.

Inventory:

Hand Weapons
 a - a +0 flail (weapon)
Armour
 b - a +0 scale mail (worn)
 f - a +0 pair of boots (worn)
 n - a +0 cloak (worn)
 r - a +0 kite shield (worn)
Jewellery
 d - a +6 ring of dexterity (left hand)
 j - a ring of protection from cold (right hand)
Scrolls
 e - a scroll of noise {unknown}
 g - a scroll of poison {unknown}
 t - a scroll of torment {unknown}
 v - a scroll of amnesia {unknown}
Potions
 h - a potion of berserk rage
 i - 2 potions of heal wounds
 k - a potion of lignification
 m - 2 potions of magic
 o - 2 potions of brilliance
 p - 3 potions of curing
 q - 3 potions of attraction


   Skills:
 + Level 6.6 Fighting
 + Level 5.7 Maces & Flails
 + Level 6.7 Armour
 + Level 6.7 Shields


You had 7 spell levels left.
You didn't know any spells.
Your spell library contained the following spells:

 Spells                   Type           Power      Damage    Failure   Level
 Apportation              Tloc           0%         N/A       95%         1
 Magic Dart               Conj           0%         1d3       95%         1
 Call Imp                 Summ           0%         N/A       98%         2
 Mephitic Cloud           Conj/Pois/Air  0%         N/A       100%        3
 Alistair's Intoxication  Tmut/Pois      0%         N/A       100%        5
 Borgnjor's Vile Clutch   Necr/Erth      0%         N/A       100%        5
 Freezing Cloud           Conj/Ice/Air   0%         6-21      100%        5
 Summon Forest            Summ/Tloc      0%         N/A       100%        5
 Summon Mana Viper        Hex/Summ       0%         N/A       100%        5
 Death Channel            Necr           0%         N/A       100%        6
 Summon Cactus Giant      Summ           0%         N/A       100%        6
 Polar Vortex             Ice            0%         N/A       100%        9
 Animate Dead             Necr           Unusable   N/A       N/A         4
 Simulacrum               Ice/Necr       Unusable   N/A       N/A         6

Dungeon Overview and Level Annotations

Branches:
Dungeon (6/15)             Temple (1/1) D:5           Sewer (visited)
Ossuary (visited)

Altars:
Ashenzari
Cheibriados
Dithmenos
Elyvilon
Fedhas
Gozag
Kikubaaqudgha
Nemelex Xobeh
Okawaru
Qazlal
Ru
Sif Muna
Trog
Uskayaw
Xom
Yredelemnul
The Shining One

Shops:
D:2 !   D:4 =

Annotations:
D:3 2 transporters, hikkokomori's ghost, amateur KoBr
D:6 Maggie


Innate Abilities, Weirdness & Mutations

You are immune to sickness and miasma.
Your stone body is resilient. (AC +5)
You are immune to poison.
You resist negative energy. (rN+)
You are resistant to electric shocks. (rElec)
You are resistant to unholy torment.
You are immune to petrification.


Message History

Maggie is lightly wounded.
The hound bites you but does no damage. The hound closely misses you.
Maggie hits you with a +0 glaive!
The shadow imp hits you but does no damage.
You hit Maggie.
Maggie is lightly wounded.
You block the hound's attack. The shadow imp spits at you.
The shadow imp hits you but does no damage.
Maggie hits you but does no damage. The hound bites you but does no damage.
You closely miss Maggie.
Maggie is lightly wounded.
You block the hound's attack. The shadow imp hits you.
You block Maggie's attack. The hound bites you.
The shadow imp hits you but does no damage.
Maggie hits you but does no damage.
You sock Maggie!
Maggie is moderately wounded.
You block the hound's attack. The hound bites you but does no damage.
The shadow imp hits you but does no damage.
Maggie hits you with a +0 glaive!
You barely miss Maggie.
Maggie is moderately wounded.
The hound misses you. The shadow imp barely misses you.
Maggie hits you with a +0 glaive! You block the hound's attack.
You barely miss Maggie.
Maggie is moderately wounded.
You block the hound's attack. The shadow imp gestures at you.
Pain shoots through your body! Maggie hits you with a +0 glaive.
* * * LOW HITPOINT WARNING * * *
The hound closely misses you.
You barely miss Maggie.
Maggie is moderately wounded.
The shadow imp gestures at you. Pain shoots through your body!
* * * LOW HITPOINT WARNING * * *
The hound bites you but does no damage. Maggie hits you with a +0 glaive!
You die...
Your body crumbles into a pile of gold.

.. #.# ....... ..#
#.###........ ...##
#............
....###...(........
.................. .
#..#........?...
....##..............
>......<...5.)......
......##...h@@......
...#. #....##......
# # #....?.......
#.......## #...
#.##.#...# .# ...
#...#... # #..
#..##### .. ...


You could see Maggie (mesmerising), a hound and a shadow imp.

Vanquished Creatures
  Duvessa (D:5)
  A black bear (D:4)
  An ogre (D:4)
  A centaur (D:5)
  5 kobold brigands (Sewer)
  4 water moccasin zombies (Ossuary)
  A necrophage (D:4)
  Dowan (D:5)
  A jelly (D:3)
  An orc priest (D:5)
  2 hounds
  3 iguanas
  2 mummies (Ossuary)
  12 adders
  3 gnolls (D:5)
  2 white imps (D:5)
  An ufetubus (D:5)
  4 adder zombies (Ossuary)
  4 worms
  2 dart slugs
  5 orcs
  9 ball pythons
  11 endoplasms
  5 giant cockroaches
  A gnoll zombie (Ossuary)
  6 goblins
  8 hobgoblins
  4 quokkas
  4 bats (D:3)
  2 frilled lizards
  3 hobgoblin zombies (Ossuary)
  9 kobolds
  4 kobold zombies (Ossuary)
  4 orc zombies (Ossuary)
  9 rats
136 creatures vanquished.

Notes
Turn   | Place    | Note
-------+----------+-------------------------------------------
     0 | D:1      | retardedninja the Gargoyle Fighter began the quest for the
                  | Orb.
     0 | D:1      | Reached XP level 1. HP: 14/14 MP: 1/1
   263 | D:1      | Reached XP level 2. HP: 13/19 MP: 2/2
   873 | D:2      | Reached XP level 3. HP: 19/23 MP: 3/3
  1318 | D:2      | Found Mossot's Distillery.
  1621 | D:3      | Reached XP level 4. HP: 29/29 MP: 4/4
  1741 | D:3      | Found a transporter.
  1743 | D:3      | Noticed hikkokomori's ghost (amateur KoBr)
  1921 | D:3      | Found a transporter.
  2272 | D:4      | Reached XP level 5. HP: 23/33 MP: 5/5
  2299 | D:4      | Found a glowing drain.
  2315 | Sewer    | Entered a sewer
  2338 | Sewer    | Noticed a kobold brigand
  2357 | Sewer    | Killed a kobold brigand
  2942 | Sewer    | Reached XP level 6. HP: 39/39 MP: 6/6
  3059 | Sewer    | Reached skill level 5 in Fighting
  3059 | Sewer    | Reached skill level 5 in Armour
  3059 | Sewer    | Reached skill level 5 in Shields
  3059 | Sewer    | Reached XP level 7. HP: 44/44 MP: 7/7
  3733 | D:4      | Found Luulas's One-of-a-Kind Rings.
  4587 | D:4      | Reached XP level 8. HP: 45/51 MP: 8/8
  4747 | D:5      | Entered Level 5 of the Dungeon
  4749 | D:5      | Found a staircase to the Ecumenical Temple.
  4950 | D:5      | Noticed Duvessa
  4951 | D:5      | Noticed Dowan
  4968 | D:5      | Killed Duvessa
  4969 | D:5      | Reached skill level 5 in Maces & Flails
  4979 | D:5      | Killed Dowan
  5350 | D:5      | Found a sand-covered staircase.
  5355 | Ossuary  | Entered an ossuary
  6180 | Temple   | Entered the Ecumenical Temple
  6269 | Temple   | Became a worshipper of Gozag Ym Sagoz the Greedy
  6917 | D:6      | Noticed Maggie
  6931 | D:6      | Slain by Maggie

Illustrated notes

Levels and vault maps discovered:
D:1:      nzn_arrival_settlement, layout_basic
D:2:      layout_basic, serial_shops, nicolae_shop_behind_doors
D:3:      layout_basic, gammafunk_ghost_mausoleum
D:4:      layout_cave_pools, gup_sewer_entry_bubbles, nicolae_shop_unique_rings
D:5:      layout_basic, minmay_temple_entry_statues_fountains,
          lightli_ossuary_entry_decrepit_ruins, uniq_duvessa
D:6:      layout_rooms, serial_undead, serial_undead_c, serial_undead_a,
          serial_undead_d, serial_undead_a, serial_undead_c, serial_undead_d,
          serial_undead_c, serial_undead_f, serial_undead_a, serial_undead_e,
          serial_shops, nicolae_shop_window_shopping, palyth_stone_intersect,
          uniq_prince_ribbit1, uniq_sigmund, uniq_crazy_yiuf_cottage,
          uniq_maggie
Temple:   minmay_temple_bridge_d

Skill      XL: |  1  2  3  4  5  6  7  8 |
---------------+-------------------------+-----
Shields        | 4 5 6 |  6.7
Armour         | 4 5 6 |  6.7
Fighting       | 4 5 6 |  6.6
Maces & Flails | 3 4 5 |  5.7

Action                     |  1- 3 |  4- 6 |  7- 9 || total
---------------------------+-------+-------+-------++-------
  Melee: Flail             |    98 |   194 |   305 ||   597
    Use: Scroll            |       |     1 |    12 ||    13
         Potion            |       |     4 |     5 ||     9
   Stab: Invisible         |       |       |     5 ||     5
 Armour: Scale mail        |    54 |   107 |   171 ||   332
  Dodge: Dodged            |    56 |   101 |   122 ||   279
  Block: Buckler           |    20 |    55 |    56 ||   131
         Kite shield       |       |       |    29 ||    29

Table legend: (Time is in decaauts)
 A = Elapsed time spent in this place.
 B = Non-inter-level travel time spent in this place.
 C = Inter-level travel time spent in this place.
 D = Time resting spent in this place.
 E = Time spent auto-exploring this place.
 F = Levels seen in this place.
 G = Mean time per level.
                   A        B        C        D        E       F      G
               +--------+--------+--------+--------+--------+-----+--------+
         Total |   7223 |   6772 |    451 |   1526 |   3739 |   9 |  802.6 |
       Dungeon |   4975 |   4617 |    358 |    561 |   3095 |   6 |  829.2 |
        Temple |    157 |     64 |     93 |      0 |     55 |   1 |  157.0 |
         Sewer |   1569 |   1569 |      0 |    711 |    481 |   1 | 1569.0 |
       Ossuary |    521 |    521 |      0 |    254 |    108 |   1 |  521.0 |
               +--------+--------+--------+--------+--------+-----+--------+

Top non-repeatable levels by time:
   Sewer: 1569 daAuts
     D:3: 1397 daAuts
     D:5: 1341 daAuts
     D:2: 771 daAuts
     D:4: 767 daAuts
     D:1: 679 daAuts
 Ossuary: 521 daAuts
  Temple: 157 daAuts
     D:6: 17 daAuts
